 Dungeon Crawl Stone Soup version 0.28.0-45-g0d030f2227 (webtiles) character file.

Game seed: 2533437996638782277

203 McKennaii the Shield-Bearer (level 5, -4/45 HPs)
             Began as a Demigod Fighter on Apr 19, 2022.
             Slain by a lemure (8 damage)
             ... led by Pikel
             ... on level 3 of the Dungeon.
             The game lasted 00:03:50 (3371 turns).

McKennaii the Shield-Bearer (Demigod Fighter)       Turns: 3371, Time: 00:03:51

Health: -4/45      AC:  6    Str: 21    XL:     5   Next: 26%
Magic:  16/16      EV:  9    Int: 10    God:
Gold:   185        SH:  5    Dex: 13    Spells: 4/4 levels left

rFire   . . .      SeeInvis .   a - +0 trident
rCold   . . .      Faith    .   c - +0 buckler
rNeg    . . .      Spirit   .   b - +0 scale mail
rPois   .          Reflect  .   (no helmet)
rElec   .          Harm     .   (no cloak)
rCorr   .          Rampage  .   (no gloves)
Will    .....                   (no boots)
Stlth   ..........              (no amulet)
HPRegen 0.15/turn               e - ring of magical power
MPRegen 0.15/turn               (no ring)

@: no status effects
A: high MP 1, forlorn, divine attributes
a: no special abilities


You were on level 3 of the Dungeon.
You visited 1 branch of the dungeon, and saw 4 of its levels.

You collected 185 gold pieces.

Inventory:

Hand Weapons
 a - a +0 trident (weapon)
Armour
 b - a +0 scale mail (worn)
 c - a +0 buckler (worn)
Jewellery
 e - a ring of magical power (left hand)
 o - an amulet of the acrobat
Scrolls
 f - a scroll of magic mapping
 g - 3 scrolls of identify
 i - a scroll of noise
 j - a scroll of immolation
 k - a scroll of teleportation {unknown}
 n - a scroll of enchant armour {unknown}
Potions
 d - a potion of might
 h - a potion of flight {unknown}
 l - a potion of lignification {unknown}
 m - a potion of degeneration {unknown}
 p - a potion of heal wounds {unknown}


   Skills:
 + Level 3.6 Fighting
 + Level 3.0 Polearms
 + Level 3.6 Armour
 + Level 3.7 Shields


You had 4 spell levels left.
You didn't know any spells.
Your spell library contained the following spells:

 Spells                   Type           Power      Damage    Failure   Level
 Gell's Gravitas          Tloc           0%         N/A       99%         3
 Ignite Poison            Fire/Tmut/Pois 0%         N/A       99%         3
 Lesser Beckoning         Tloc           0%         N/A       99%         3
 Mephitic Cloud           Conj/Pois/Air  0%         N/A       99%         3
 Teleport Other           Tloc           0%         N/A       99%         3
 Freezing Cloud           Conj/Ice/Air   0%         6-21      100%        5


Dungeon Overview and Level Annotations

Branches:
Dungeon (4/15)
 Temple: D:4-7

Annotations:
D:4 Pikel


Innate Abilities, Weirdness & Mutations

You have an increased reservoir of magic. (+10% MP)
You shall have no god before yourself.
Your divine heritage dramatically boosts your attributes as you level up.


Message History

The lemure is lightly wounded.
The lemure hits you. The lemure closely misses you.
Pikel hits you with a +1 whip of freezing.
* * * LOW HITPOINT WARNING * * *
Pikel freezes you.
* * * LOW HITPOINT WARNING * * *
Pikel barely misses you.
Pikel hits you with a +1 whip of freezing.
* * * LOW HITPOINT WARNING * * *
Pikel freezes you.
* * * LOW HITPOINT WARNING * * *
You see here a throwing net.
You see here a +0 whip.
Things that are here:
a +0 spear; a +0 flail; a gnoll skeleton The adder skeleton barely misses you.
The adder skeleton bites you.
* * * LOW HITPOINT WARNING * * *
You see here a +0 scale mail.
As you read the scroll labelled NOXKOT BIZICK, it crumbles to dust.
It is a scroll of identify.
f - a scroll of magic mapping
As you read the scroll labelled SYINOPH IPSEOV, it crumbles to dust.
You hear a loud clanging noise!
It was a scroll of noise.
You hear a shout!
The lemure hits you.
* * * LOW HITPOINT WARNING * * *
The lemure completely misses you.
Unknown command.
As you read the scroll labelled HOYBAT FULARA, it crumbles to dust.
The creatures around you are filled with an inner flame!
It was a scroll of immolation.
The lemure barely misses you.
Pikel says, "You'll feel the lick of my whip!"
Unknown command.
There is an escape hatch in the ceiling here.
A mysterious force pulls you upwards. The hatch slams shut behind you.
The lemure closely misses you. The lemure hits you!
You die...

#.#####...# #.####
#.##......####....##
#.##.##............#
#.##.####.#######..# #.##.#
#.##### #..# ...#.# #.....#
#..# ###..####.###.###..### #
#...............)..########
###..####......5@...........#
...#.####..######..#..#####.#
#)....>##..# #..#..# #.#
...###.##..## #..#..# #.#
#..# #......## #..#..# #.#
.#.###.##....####..#..# #.#
##.....###...##....#..# #.#
####.#####...##.#.#...# #.#
.............##[#.#.#.# ###.#


You could see a lemure (inner flame).

Vanquished Creatures
  A phantom (D:3)
  A lemure (D:4)
  3 gnolls (D:4)
  A howler monkey skeleton (D:4)
  3 worms
  3 orcs (D:3)
  8 ball pythons
  5 bats
  7 endoplasms
  5 giant cockroaches
  7 goblins
  8 hobgoblins
  6 kobolds
  3 quokkas
  5 frilled lizards
  3 rats
69 creatures vanquished.

Notes
Turn   | Place    | Note
-------+----------+-------------------------------------------
     0 | D:1      | McKennaii the Demigod Fighter began the quest for the Orb.
     0 | D:1      | Reached XP level 1. HP: 18/18 MP: 3/3
   181 | D:1      | Reached XP level 2. HP: 25/25 MP: 4/4
   911 | D:2      | Reached XP level 3. HP: 31/31 MP: 5/5
  2075 | D:3      | Noticed a green death
  2361 | D:4      | Noticed a phantom
  2579 | D:4      | Reached XP level 4. HP: 25/38 MP: 6/6
  2697 | D:3      | Killed a phantom
  2698 | D:3      | Reached XP level 5. HP: 3/45 MP: 7/7
  3261 | D:4      | Noticed Pikel
  3371 | D:3      | Slain by a lemure

Illustrated notes

Levels and vault maps discovered:
D:1:      dpeg_arrival_tiny_h, layout_loops_ring, basic_ecumenical_altar,
          minmay_split_cup_large
D:2:      minmay_evil_eye, layout_basic, basic_altar
D:3:      layout_loops_ring, makhleb_altar_promises_db,
          mainiacjoe_overflow_boulevard
D:4:      layout_basic, kennysheep_generic_room_9, uniq_grinder, uniq_pikel

Skill      XL: |  1  2  3  4  5 |
---------------+----------------+-----
Polearms       | 2 3 |  3.0
Shields        | 3 |  3.7
Fighting       | 3 |  3.6
Armour         | 3 |  3.6

Action                   |  1- 3 |  4- 6 || total
-------------------------+-------+-------++-------
Melee: Trident           |   191 |    64 ||   255
  Use: Scroll            |       |     3 ||     3
Armor: Scale mail        |    60 |    10 ||    70
Dodge: Dodged            |    46 |    28 ||    74
Block: Buckler           |    29 |    16 ||    45
